Islanders vs MapleLeafs

Created - March 26, 2017 at 10:57

Goals
1 2 3 T
Islanders 2 0 1 3
MapleLeafs 0 0 2 2
Shots
1 2 3 T
Islanders 7 6 6 19
MapleLeafs 10 8 18 36

1st period

1. Islanders , Tyler Bozak 23 (Josh Manson, Patrick Sharp) at 17:30 (PP)
2. Islanders , David Legwand 4 (Luca Sbisa, Nate Thompson) at 18:18 (PP)

Penalties :
Roman Polak (NYI) for Hooking (Minor) at 5:25, Brent Seabrook (TOR) for Tripping (Minor) at 5:40, Colin Wilson (NYI) for Tripping (Minor) at 10:17, Jordan Staal (TOR) for Delaying the game (Minor) at 17:02, Brent Seabrook (TOR) for Hooking (Minor) at 18:10

2nd period

No Goal

Penalties :
Josh Manson (NYI) for Hooking (Minor) at 0:21, Tyler Bozak (NYI) for Holding (Minor) at 7:29, Milan Lucic (TOR) for Hooking (Minor) at 10:48, Milan Lucic (TOR) for High sticking (Minor) at 16:58, Nick Leddy (TOR) for Hooking (Minor) at 19:16

3rd period

3. Islanders , Tyler Bozak 24 (Patrick Sharp) at 2:56
4. MapleLeafs , David Backes 24 (Karl Alzner, Jordan Staal) at 7:54
5. MapleLeafs , Milan Lucic 33 (David Backes, Jordan Staal) at 12:34

Penalties :
Richard Panik (TOR) for Holding (Minor) at 5:33, Andy Greene (NYI) for High sticking (Minor) at 5:54

Goalie Stats

Braden Holtby (NYI), 34 saves from 36 shots - (0.944), W, 27-31-8, 60:00 minutes
Petr Mrazek (TOR), 16 saves from 19 shots - (0.842), L, 35-19-5, 59:02 minutes

Players Stats for Islanders

Player Name              G  A  P  +/- PIM S  H  SB GA TA FO     MP     PP MP  PK MP  
------------------------------------------------------------------------------------
Andy Greene              0  0  0   0  2   1  0  2  0  0  0/0    22:11   3:54   3:01 
Brandon Davidson         0  0  0   0  0   0  1  0  0  0  0/0    16:50   3:14   3:12 
Colin Wilson             0  0  0  -1  2   0  0  0  0  0  0/0    14:23   0:00   0:00 
David Legwand            1  0  1   0  0   3  0  0  0  0  1/1    10:12   2:46   2:38 
Erik Condra              0  0  0   1  0   2  1  1  0  0  3/10   20:55   4:38   0:17 
Josh Jooris              0  0  0  -1  0   0  0  0  0  0  3/14   11:53   0:00   0:00 
Josh Manson              0  1  1   0  2   1  0  5  0  0  0/0    17:29   3:14   0:11 
Luca Sbisa               0  1  1   0  0   1  3  3  0  0  0/0    22:12   3:55   3:10 
Marek Zidlicky           0  0  0  -1  0   0  2  1  0  0  0/0     6:33   0:00   0:00 
Mark Fayne               0  0  0   0  0   0  0  0  0  0  0/0     0:12   0:00   0:12 
Nate Thompson            0  1  1  -1  0   0  3  0  0  0  7/12   19:44   2:31   2:35 
Niklas Hjalmarsson       0  0  0  -1  0   0  0  4  0  0  0/0    24:54   0:00   3:11 
Patrick Sharp            0  2  2   1  0   2  1  0  0  0  1/4    24:49   4:23   3:47 
Pierre-Alexandr Parentea 0  0  0  -1  0   4  1  0  0  0  3/6    22:09   2:31   3:38 
Roman Polak              0  0  0   0  2   0  2  1  0  0  0/0     9:36   0:00   0:09 
Shawn Horcoff            0  0  0  -1  0   1  2  1  0  0  7/17   14:35   0:00   0:11 
Tyler Bozak              2  0  2   1  2   2  1  0  0  0  11/16  19:30   4:38   0:00 
Zack Kassian             0  0  0  -1  0   2  2  0  0  0  1/3    11:53   0:00   0:00 

Players Stats for MapleLeafs

Player Name              G  A  P  +/- PIM S  H  SB GA TA FO     MP     PP MP  PK MP  
------------------------------------------------------------------------------------
Alexei Emelin            0  0  0   0  0   0  4  0  0  0  0/0    19:41   0:00   3:07 
Andreas Athanasiou       0  0  0   1  0   1  0  0  0  0  1/1     8:43   0:36   1:47 
Brent Seabrook           0  0  0  -1  4   0  3  0  0  0  0/0    23:18   3:31   3:59 
David Backes             1  1  2   0  0   8  3  0  0  0  0/1    20:15   3:12   4:05 
Jay Beagle               0  0  0   0  0   0  0  0  0  0  0/0    10:30   0:00   0:00 
Joffrey Lupul            0  0  0   0  0   3  0  0  0  0  0/1    17:02   2:12   0:00 
Jonathan Marchessault    0  0  0   0  0   1  2  0  0  0  0/1    10:30   0:00   0:00 
Joonas Donskoi           0  0  0   0  0   3  0  0  0  0  1/2    15:40   3:21   0:00 
Jordan Staal             0  2  2   0  2   3  1  1  0  0  22/34  22:48   3:12   4:10 
Karl Alzner              0  1  1  -1  0   0  0  0  0  0  0/0    24:13   3:32   4:14 
Kris Russell             0  0  0   0  0   1  0  3  0  0  0/0    20:30   2:43   2:55 
Mikael Backlund          0  0  0   0  0   3  0  1  0  0  9/18   15:16   0:00   3:04 
Milan Lucic              1  0  1   0  4   7  1  0  0  0  0/2    18:42   3:45   1:12 
Nazem Kadri              0  0  0   0  0   4  4  0  0  0  7/14   17:20   3:21   0:00 
Nick Leddy               0  0  0   2  2   1  0  0  0  0  0/0    17:47   3:01   0:03 
Nikita Nikitin           0  0  0   2  0   0  0  1  0  0  0/0    14:28   0:18   0:00 
Richard Panik            0  0  0   1  2   0  3  0  0  0  0/1     6:19   0:00   0:00 
Riley Sheahan            0  0  0   1  0   1  0  0  0  0  6/8     6:20   0:00   0:00 

3 Stars

1 - Tyler Bozak (NYI)
2 - David Backes (TOR)
3 - Patrick Sharp (NYI)

Power Play

Islanders - 2 on 7 Attempt(s) - 28.57%
MapleLeafs - 0 on 5 Attempt(s) - 0.00%

Penalty Kill

Islanders - 5 on 5 Attempt(s) - 100.00% - Score 0 goal in Penalty Kill
MapleLeafs - 5 on 7 Attempt(s) - 71.43% - Score 0 goal in Penalty Kill

Team Stat

Islanders - Hits : 19 - Faceoff Wins : 37 - Blocked Shots : 18 - Penalty Minutes : 10
MapleLeafs - Hits : 21 - Faceoff Wins : 46 - Blocked Shots : 6 - Penalty Minutes : 14

Official

Referees : Francois StLaurent and Mike Hasenfratz
Linesman : Pierre Racicot and Brad Lazarowich

Game Notes

No Game Note

Finance

Level 1 -- Attendance: 5400 (83.08%) -- Ticket Income $594,000
Level 2 -- Attendance: 5000 (100.00%) -- Ticket Income $380,000
Level 3 -- Attendance: 2276 (65.03%) -- Ticket Income $150,216
Level 4 -- Attendance: 2819 (100.00%) -- Ticket Income $112,760
Luxury Box -- Attendance: 897 (89.70%) -- Ticket Income $178,503
Game was played at the Air Canada Center.
Total Attendance: 16392 (87.10%)
Total Ticket Income: $1,415,479
Other Income: $212,322
Total Income: $1,627,801

% Time on Ice - Islanders

Lines # - Real PCT - Wanted PCT - Time Play
Normal Forward
1 - 34% - 36% - 14:14
2 - 34% - 33% - 14:24
3 - 28% - 20% - 11:53
4 - 4% - 11% - 1:46
Normal Defense
1 - 30% - 35% - 12:37
2 - 32% - 35% - 13:39
3 - 22% - 21% - 9:28
4 - 15% - 9% - 6:33
PP Forward
1 - 65% - 60% - 4:38
2 - 35% - 40% - 2:31
PP Defense
1 - 55% - 60% - 3:55
2 - 45% - 40% - 3:14
PK Forward
1 - 62% - 55% - 4:04
2 - 38% - 45% - 2:29
PK Defense
1 - 49% - 55% - 3:11
2 - 51% - 45% - 3:22
PK3 Forward
1 - 0% - 60%
2 - 0% - 40%
PK3 Defense
1 - 0% - 60%
2 - 0% - 40%
44 Forward
1 - 58% - 60% - 1:57
2 - 42% - 40% - 1:25
44 Defense
1 - 56% - 60% - 1:54
2 - 44% - 40% - 1:28
Last Minute Offensive  - 0:00
Last Minute Defensive  - 0:39
Total
Forward - 60:00
Defense - 60:00

% Time on Ice - MapleLeafs

Lines # - Real PCT - Wanted PCT - Time Play
Normal Forward
1 - 31% - 31% - 12:58
2 - 29% - 27% - 12:19
3 - 25% - 24% - 10:30
4 - 15% - 18% - 6:20
Normal Defense
1 - 35% - 35% - 14:42
2 - 33% - 33% - 14:03
3 - 32% - 32% - 13:22
4 - 0% - 0% - 0:00
PP Forward
1 - 51% - 53% - 3:21
2 - 49% - 47% - 3:12
PP Defense
1 - 54% - 53% - 3:32
2 - 46% - 47% - 3:01
PK Forward
1 - 57% - 52% - 4:05
2 - 43% - 48% - 3:04
PK Defense
1 - 59% - 55% - 4:14
2 - 41% - 45% - 2:55
PK3 Forward
1 - 0% - 52%
2 - 0% - 48%
PK3 Defense
1 - 0% - 55%
2 - 0% - 45%
44 Forward
1 - 50% - 53% - 1:40
2 - 50% - 47% - 1:42
44 Defense
1 - 76% - 53% - 2:33
2 - 24% - 47% - 0:49
Last Minute Offensive  - 0:49
Last Minute Defensive  - 0:00
Total
Forward - 60:00
Defense - 60:00

Play by Play

1st period


0:01 of 1st period - Tyler Bozak wins face-off versus Jordan Staal in neutral zone.
0:25 of 1st period - Erik Condra is hit by David Backes and loses puck.
0:32 of 1st period - Shot by Milan Lucic.
0:32 of 1st period - Shot Misses the Net.
0:34 of 1st period - Shot by Jordan Staal.
0:34 of 1st period - Shot Blocked by Josh Manson.
0:36 of 1st period - Shot by David Backes.
0:36 of 1st period - Stopped by Braden Holtby with a rebound.
0:38 of 1st period - Shot by Jordan Staal.
0:38 of 1st period - Shot Blocked by Josh Manson.
1:00 of 1st period - Shot by Nazem Kadri.
1:00 of 1st period - Stopped by Braden Holtby with a rebound.
1:17 of 1st period - Icing by Alexei Emelin.
1:18 of 1st period - Nazem Kadri wins face-off versus Shawn Horcoff in MapleLeafs zone.
2:21 of 1st period - Shot by Jonathan Marchessault.
2:21 of 1st period - Shot Blocked by Luca Sbisa.
2:29 of 1st period - Jay Beagle is hit by Pierre-Alexandr Parenteau and loses puck.
2:37 of 1st period - Icing by Nikita Nikitin.
2:38 of 1st period - Mikael Backlund wins face-off versus Josh Jooris in MapleLeafs zone.
2:38 of 1st period - Mikael Backlund is hit by Zack Kassian.
2:41 of 1st period - Icing by Jonathan Marchessault.
2:42 of 1st period - Mikael Backlund wins face-off versus Josh Jooris in MapleLeafs zone.
2:50 of 1st period - Mikael Backlund is hit by Roman Polak and loses puck.
3:04 of 1st period - Jonathan Marchessault is hit by Roman Polak and loses puck.
3:11 of 1st period - Jonathan Marchessault is hit by Zack Kassian and loses puck.
3:54 of 1st period - Shot by Richard Panik.
3:54 of 1st period - Shot Misses the Net.
5:25 of 1st period - Minor Penalty to Roman Polak for Hooking.
5:26 of 1st period - Nate Thompson wins face-off versus Nazem Kadri in Islanders zone.
5:40 of 1st period - Minor Penalty to Brent Seabrook for Tripping.
5:41 of 1st period - Nate Thompson wins face-off versus Mikael Backlund in MapleLeafs zone.
6:44 of 1st period - Shot by Patrick Sharp.
6:44 of 1st period - Shot Blocked by Nikita Nikitin.
6:46 of 1st period - Shot by Patrick Sharp.
6:46 of 1st period - Shot Misses the Net.
6:48 of 1st period - Shot by David Legwand.
6:48 of 1st period - Shot Hit the Post.
6:50 of 1st period - Shot by David Legwand.
6:50 of 1st period - Stopped by Petr Mrazek with a rebound.
7:08 of 1st period - Shot by Jordan Staal.
7:08 of 1st period - Shot Misses the Net.
7:21 of 1st period - Off-side.
7:22 of 1st period - Jordan Staal wins face-off versus Nate Thompson in neutral zone.
7:36 of 1st period - Icing by Tyler Bozak.
7:37 of 1st period - Erik Condra wins face-off versus David Backes in Islanders zone.
8:45 of 1st period - Joonas Donskoi is hit by Marek Zidlicky and loses puck.
9:20 of 1st period - Icing by Joffrey Lupul.
9:21 of 1st period - Joonas Donskoi wins face-off versus Erik Condra in MapleLeafs zone.
9:26 of 1st period - Andy Greene is hit by Nazem Kadri.
9:49 of 1st period - Shot by Patrick Sharp.
9:49 of 1st period - Shot Misses the Net.
9:51 of 1st period - Shot by Luca Sbisa.
9:51 of 1st period - Shot Misses the Net.
10:10 of 1st period - Icing by Nikita Nikitin.
10:11 of 1st period - Shawn Horcoff wins face-off versus Joonas Donskoi in MapleLeafs zone.
10:12 of 1st period - Shot by Pierre-Alexandr Parenteau.
10:12 of 1st period - Stopped by Petr Mrazek without a rebound.
10:13 of 1st period - Jordan Staal wins face-off versus Shawn Horcoff in MapleLeafs zone.
10:17 of 1st period - Minor Penalty to Colin Wilson for Tripping.
10:18 of 1st period - Pierre-Alexandr Parenteau wins face-off versus Jordan Staal in Islanders zone.
10:18 of 1st period - Pierre-Alexandr Parenteau is hit by Jordan Staal.
10:35 of 1st period - Icing by Jordan Staal.
10:36 of 1st period - Patrick Sharp wins face-off versus Milan Lucic in MapleLeafs zone.
10:36 of 1st period - Pierre-Alexandr Parenteau is hit by Brent Seabrook and loses puck.
11:45 of 1st period - Shot by David Legwand.
11:45 of 1st period - Stopped by Petr Mrazek with a rebound.
11:59 of 1st period - Niklas Hjalmarsson is hit by David Backes and loses puck.
12:09 of 1st period - Icing by Brent Seabrook.
12:10 of 1st period - Pierre-Alexandr Parenteau wins face-off versus Jordan Staal in MapleLeafs zone.
12:44 of 1st period - Shot by Colin Wilson.
12:44 of 1st period - Deflect By Shawn Horcoff.
12:44 of 1st period - Stopped by Petr Mrazek with a rebound.
12:48 of 1st period - Shot by Colin Wilson.
12:48 of 1st period - Shot Misses the Net.
14:16 of 1st period - Shot by Milan Lucic.
14:16 of 1st period - Stopped by Braden Holtby without a rebound.
14:17 of 1st period - Josh Jooris wins face-off versus Nazem Kadri in Islanders zone.
14:17 of 1st period - Josh Jooris is hit by Nazem Kadri.
14:28 of 1st period - Nate Thompson is hit by Alexei Emelin and loses puck.
14:37 of 1st period - Shot by Joonas Donskoi.
14:37 of 1st period - Shot Misses the Net.
14:53 of 1st period - Shot by Joffrey Lupul.
14:53 of 1st period - Stopped by Braden Holtby without a rebound.
14:54 of 1st period - Jordan Staal wins face-off versus Tyler Bozak in Islanders zone.
14:55 of 1st period - Shot by David Backes.
14:55 of 1st period - Deflect By Milan Lucic.
14:55 of 1st period - Shot Misses the Net.
14:57 of 1st period - Shot by Milan Lucic.
14:57 of 1st period - Stopped by Braden Holtby without a rebound.
14:58 of 1st period - Jordan Staal wins face-off versus Tyler Bozak in Islanders zone.
15:21 of 1st period - Shot by Jordan Staal.
15:21 of 1st period - Stopped by Braden Holtby without a rebound.
15:22 of 1st period - Mikael Backlund wins face-off versus Shawn Horcoff in Islanders zone.
15:33 of 1st period - Shot by Mikael Backlund.
15:33 of 1st period - Stopped by Braden Holtby without a rebound.
15:34 of 1st period - Jordan Staal wins face-off versus Erik Condra in Islanders zone.
15:42 of 1st period - Icing by Niklas Hjalmarsson.
15:43 of 1st period - David Legwand wins face-off versus Jordan Staal in Islanders zone.
15:43 of 1st period - David Legwand is hit by Milan Lucic.
15:51 of 1st period - Shot by David Backes.
15:51 of 1st period - Shot Blocked by Niklas Hjalmarsson.
16:05 of 1st period - Shot by Erik Condra.
16:05 of 1st period - Stopped by Petr Mrazek without a rebound.
16:06 of 1st period - Shawn Horcoff wins face-off versus Mikael Backlund in MapleLeafs zone.
16:27 of 1st period - Shot by Shawn Horcoff.
16:27 of 1st period - Shot Misses the Net.
16:45 of 1st period - Shot by Colin Wilson.
16:45 of 1st period - Shot Blocked by Kris Russell.
16:47 of 1st period - Shot by Colin Wilson.
16:47 of 1st period - Shot Blocked by Mikael Backlund.
17:02 of 1st period - Minor Penalty to Jordan Staal for Delaying the game.
17:03 of 1st period - Andreas Athanasiou wins face-off versus Erik Condra in MapleLeafs zone.
17:30 of 1st period - Shot by Tyler Bozak.
17:30 of 1st period - Goal by Tyler Bozak - Islanders : 1 - MapleLeafs : 0.
17:31 of 1st period - Nazem Kadri wins face-off versus Zack Kassian in neutral zone.
17:57 of 1st period - Shot by Joonas Donskoi.
17:57 of 1st period - Stopped by Braden Holtby without a rebound.
17:58 of 1st period - Tyler Bozak wins face-off versus Milan Lucic in Islanders zone.
18:08 of 1st period - Tyler Bozak is hit by Brent Seabrook and loses puck.
18:10 of 1st period - Minor Penalty to Brent Seabrook for Hooking.
18:11 of 1st period - Nate Thompson wins face-off versus Jordan Staal in MapleLeafs zone.
18:18 of 1st period - Shot by David Legwand.
18:18 of 1st period - Goal by David Legwand - Islanders : 2 - MapleLeafs : 0.
18:19 of 1st period - Tyler Bozak wins face-off versus Mikael Backlund in neutral zone.
18:40 of 1st period - Shot by Erik Condra.
18:40 of 1st period - Deflect By Tyler Bozak.
18:40 of 1st period - Shot Misses the Net.
18:43 of 1st period - Icing by Karl Alzner.
18:44 of 1st period - Mikael Backlund wins face-off versus Shawn Horcoff in MapleLeafs zone.
18:59 of 1st period - Shot by Mikael Backlund.
18:59 of 1st period - Stopped by Braden Holtby without a rebound.
19:00 of 1st period - Tyler Bozak wins face-off versus Jordan Staal in Islanders zone.
19:40 of 1st period - Shot by Milan Lucic.
19:40 of 1st period - Stopped by Braden Holtby without a rebound.
19:41 of 1st period - Riley Sheahan wins face-off versus Shawn Horcoff in Islanders zone.
Goals for this period are 2 for Islanders vs 0 for MapleLeafs.
Shots for this period are 7 for Islanders vs 10 for MapleLeafs.

2nd period


0:01 of 2nd period - Jordan Staal wins face-off versus Nate Thompson in neutral zone.
0:04 of 2nd period - Shot by Jordan Staal.
0:04 of 2nd period - Shot Blocked by Erik Condra.
0:21 of 2nd period - Minor Penalty to Josh Manson for Hooking.
0:22 of 2nd period - Nazem Kadri wins face-off versus Pierre-Alexandr Parenteau in Islanders zone.
0:22 of 2nd period - Nazem Kadri is hit by Luca Sbisa.
0:28 of 2nd period - Shot by Joonas Donskoi.
0:28 of 2nd period - Shot Blocked by Andy Greene.
0:50 of 2nd period - Shot by Milan Lucic.
0:50 of 2nd period - Shot Misses the Net.
0:52 of 2nd period - Shot by Kris Russell.
0:52 of 2nd period - Stopped by Braden Holtby without a rebound.
0:53 of 2nd period - Jordan Staal wins face-off versus Nate Thompson in Islanders zone.
1:19 of 2nd period - Shot by Karl Alzner.
1:19 of 2nd period - Shot Misses the Net.
1:33 of 2nd period - Shot by Karl Alzner.
1:33 of 2nd period - Shot Misses the Net.
2:48 of 2nd period - Shot by Zack Kassian.
2:48 of 2nd period - Stopped by Petr Mrazek without a rebound.
2:49 of 2nd period - Nate Thompson wins face-off versus Riley Sheahan in MapleLeafs zone.
4:22 of 2nd period - Icing by Niklas Hjalmarsson.
4:23 of 2nd period - Jordan Staal wins face-off versus Shawn Horcoff in Islanders zone.
4:34 of 2nd period - Shot by David Backes.
4:34 of 2nd period - Stopped by Braden Holtby with a rebound.
4:36 of 2nd period - Shot by Jordan Staal.
4:36 of 2nd period - Shot Misses the Net.
4:44 of 2nd period - Shot by David Backes.
4:44 of 2nd period - Deflect By Jordan Staal.
4:44 of 2nd period - Shot Misses the Net.
4:46 of 2nd period - Shot by Milan Lucic.
4:46 of 2nd period - Shot Misses the Net.
5:50 of 2nd period - Shot by Mikael Backlund.
5:50 of 2nd period - Shot Misses the Net.
5:56 of 2nd period - Shot by Jay Beagle.
5:56 of 2nd period - Deflect By Mikael Backlund.
5:56 of 2nd period - Stopped by Braden Holtby without a rebound.
5:57 of 2nd period - Nazem Kadri wins face-off versus Josh Jooris in Islanders zone.
7:29 of 2nd period - Minor Penalty to Tyler Bozak for Holding.
7:30 of 2nd period - Nazem Kadri wins face-off versus Pierre-Alexandr Parenteau in Islanders zone.
7:51 of 2nd period - Shot by Nazem Kadri.
7:51 of 2nd period - Stopped by Braden Holtby without a rebound.
7:52 of 2nd period - Nate Thompson wins face-off versus Jordan Staal in Islanders zone.
8:07 of 2nd period - Shot by Jordan Staal.
8:07 of 2nd period - Shot Misses the Net.
8:09 of 2nd period - Shot by David Backes.
8:09 of 2nd period - Shot Misses the Net.
8:43 of 2nd period - Shot by Joonas Donskoi.
8:43 of 2nd period - Shot Misses the Net.
8:55 of 2nd period - Shot by Nazem Kadri.
8:55 of 2nd period - Shot Misses the Net.
10:03 of 2nd period - Icing by Niklas Hjalmarsson.
10:04 of 2nd period - Riley Sheahan wins face-off versus Josh Jooris in Islanders zone.
10:16 of 2nd period - Icing by Niklas Hjalmarsson.
10:17 of 2nd period - Nazem Kadri wins face-off versus Josh Jooris in Islanders zone.
10:46 of 2nd period - Icing by Patrick Sharp.
10:47 of 2nd period - Tyler Bozak wins face-off versus Jordan Staal in Islanders zone.
10:47 of 2nd period - Tyler Bozak is hit by David Backes.
10:48 of 2nd period - Minor Penalty to Milan Lucic for Hooking.
10:49 of 2nd period - Jordan Staal wins face-off versus Erik Condra in MapleLeafs zone.
11:10 of 2nd period - Shot by Tyler Bozak.
11:10 of 2nd period - Deflect By Erik Condra.
11:10 of 2nd period - Stopped by Petr Mrazek without a rebound.
11:11 of 2nd period - Pierre-Alexandr Parenteau wins face-off versus Mikael Backlund in MapleLeafs zone.
11:26 of 2nd period - Off-side.
11:27 of 2nd period - Tyler Bozak wins face-off versus Jordan Staal in neutral zone.
11:34 of 2nd period - Shot by Andy Greene.
11:34 of 2nd period - Shot Misses the Net.
12:00 of 2nd period - Shot by Patrick Sharp.
12:00 of 2nd period - Stopped by Petr Mrazek without a rebound.
12:01 of 2nd period - Nate Thompson wins face-off versus Mikael Backlund in MapleLeafs zone.
12:24 of 2nd period - Shot by Josh Manson.
12:24 of 2nd period - Stopped by Petr Mrazek with a rebound.
12:26 of 2nd period - Shot by Josh Manson.
12:26 of 2nd period - Shot Misses the Net.
12:48 of 2nd period - Shot by Tyler Bozak.
12:48 of 2nd period - Deflect By Erik Condra.
12:48 of 2nd period - Shot Misses the Net.
13:31 of 2nd period - Icing by Marek Zidlicky.
13:32 of 2nd period - Tyler Bozak wins face-off versus Riley Sheahan in Islanders zone.
13:42 of 2nd period - Icing by Karl Alzner.
13:43 of 2nd period - Riley Sheahan wins face-off versus Shawn Horcoff in MapleLeafs zone.
13:43 of 2nd period - Riley Sheahan is hit by Shawn Horcoff.
13:53 of 2nd period - Shot by Andreas Athanasiou.
13:53 of 2nd period - Shot Blocked by Luca Sbisa.
14:48 of 2nd period - Josh Jooris is hit by Brent Seabrook and loses puck.
14:57 of 2nd period - Shot by Zack Kassian.
14:57 of 2nd period - Stopped by Petr Mrazek without a rebound.
14:58 of 2nd period - Jordan Staal wins face-off versus Tyler Bozak in MapleLeafs zone.
15:15 of 2nd period - Shot by Jordan Staal.
15:15 of 2nd period - Stopped by Braden Holtby with a rebound.
15:19 of 2nd period - Shot by Milan Lucic.
15:19 of 2nd period - Shot Blocked by Josh Manson.
15:21 of 2nd period - Shot by Jordan Staal.
15:21 of 2nd period - Shot Blocked by Niklas Hjalmarsson.
15:23 of 2nd period - Shot by David Backes.
15:23 of 2nd period - Shot Blocked by Josh Manson.
15:27 of 2nd period - Shot by Jordan Staal.
15:27 of 2nd period - Deflect By David Backes.
15:27 of 2nd period - Stopped by Braden Holtby with a rebound.
15:29 of 2nd period - Shot by David Backes.
15:29 of 2nd period - Stopped by Braden Holtby without a rebound.
15:30 of 2nd period - Mikael Backlund wins face-off versus Josh Jooris in Islanders zone.
15:35 of 2nd period - Shot by Jay Beagle.
15:35 of 2nd period - Shot Blocked by Roman Polak.
15:45 of 2nd period - Shot by Jonathan Marchessault.
15:45 of 2nd period - Stopped by Braden Holtby without a rebound.
15:46 of 2nd period - Shawn Horcoff wins face-off versus Nazem Kadri in Islanders zone.
15:46 of 2nd period - Shawn Horcoff is hit by Nazem Kadri.
15:51 of 2nd period - Andy Greene is hit by Alexei Emelin and loses puck.
16:06 of 2nd period - Icing by Alexei Emelin.
16:07 of 2nd period - Tyler Bozak wins face-off versus Nazem Kadri in MapleLeafs zone.
16:20 of 2nd period - Erik Condra is hit by Nazem Kadri and loses puck.
16:58 of 2nd period - Minor Penalty to Milan Lucic for High sticking.
16:59 of 2nd period - Mikael Backlund wins face-off versus Nate Thompson in MapleLeafs zone.
17:22 of 2nd period - Icing by Luca Sbisa.
17:23 of 2nd period - Nate Thompson wins face-off versus Mikael Backlund in Islanders zone.
17:30 of 2nd period - Shot by Luca Sbisa.
17:30 of 2nd period - Shot Blocked by Jordan Staal.
17:32 of 2nd period - Shot by Luca Sbisa.
17:32 of 2nd period - Stopped by Petr Mrazek without a rebound.
17:33 of 2nd period - Erik Condra wins face-off versus Jordan Staal in MapleLeafs zone.
18:27 of 2nd period - Karl Alzner is hit by Nate Thompson and loses puck.
18:48 of 2nd period - Karl Alzner is hit by Nate Thompson and loses puck.
19:07 of 2nd period - Shot by Colin Wilson.
19:07 of 2nd period - Shot Misses the Net.
19:09 of 2nd period - Shot by Shawn Horcoff.
19:09 of 2nd period - Shot Misses the Net.
19:11 of 2nd period - Shot by Marek Zidlicky.
19:11 of 2nd period - Shot Misses the Net.
19:16 of 2nd period - Minor Penalty to Nick Leddy for Hooking.
19:17 of 2nd period - Erik Condra wins face-off versus Mikael Backlund in MapleLeafs zone.
Goals for this period are 0 for Islanders vs 0 for MapleLeafs.
Shots for this period are 6 for Islanders vs 8 for MapleLeafs.

3rd period


0:01 of 3rd period - Jordan Staal wins face-off versus Erik Condra in neutral zone.
0:07 of 3rd period - Icing by Andy Greene.
0:08 of 3rd period - Jordan Staal wins face-off versus Erik Condra in Islanders zone.
1:40 of 3rd period - Shot by Joffrey Lupul.
1:40 of 3rd period - Shot Blocked by Marek Zidlicky.
1:42 of 3rd period - Shot by Nazem Kadri.
1:42 of 3rd period - Deflect By Joffrey Lupul.
1:42 of 3rd period - Stopped by Braden Holtby with a rebound.
2:05 of 3rd period - Icing by Marek Zidlicky.
2:06 of 3rd period - Shawn Horcoff wins face-off versus Mikael Backlund in Islanders zone.
2:26 of 3rd period - Icing by Roman Polak.
2:27 of 3rd period - Jordan Staal wins face-off versus Josh Jooris in Islanders zone.
2:41 of 3rd period - Icing by Karl Alzner.
2:42 of 3rd period - Tyler Bozak wins face-off versus Jordan Staal in MapleLeafs zone.
2:56 of 3rd period - Shot by Tyler Bozak.
2:56 of 3rd period - Goal by Tyler Bozak - Islanders : 3 - MapleLeafs : 0.
2:57 of 3rd period - Mikael Backlund wins face-off versus Zack Kassian in neutral zone.
3:21 of 3rd period - Shot by Mikael Backlund.
3:21 of 3rd period - Shot Misses the Net.
3:23 of 3rd period - Shot by Nikita Nikitin.
3:23 of 3rd period - Shot Blocked by Josh Manson.
3:25 of 3rd period - Shot by Nick Leddy.
3:25 of 3rd period - Stopped by Braden Holtby without a rebound.
3:26 of 3rd period - Jordan Staal wins face-off versus Tyler Bozak in Islanders zone.
3:27 of 3rd period - Shot by Milan Lucic.
3:27 of 3rd period - Shot Misses the Net.
3:37 of 3rd period - Shot by David Backes.
3:37 of 3rd period - Shot Misses the Net.
3:39 of 3rd period - Shot by Jordan Staal.
3:39 of 3rd period - Shot Misses the Net.
4:48 of 3rd period - Josh Manson is hit by Alexei Emelin and loses puck.
5:05 of 3rd period - Shot by Mikael Backlund.
5:05 of 3rd period - Shot Misses the Net.
5:12 of 3rd period - Off-side.
5:13 of 3rd period - Riley Sheahan wins face-off versus Josh Jooris in neutral zone.
5:18 of 3rd period - Shot by Riley Sheahan.
5:18 of 3rd period - Stopped by Braden Holtby without a rebound.
5:19 of 3rd period - Zack Kassian wins face-off versus Richard Panik in Islanders zone.
5:19 of 3rd period - Nate Thompson is hit by Richard Panik and loses puck.
5:25 of 3rd period - Brandon Davidson is hit by Richard Panik and loses puck.
5:29 of 3rd period - Brandon Davidson is hit by Richard Panik and loses puck.
5:33 of 3rd period - Minor Penalty to Richard Panik for Holding.
5:34 of 3rd period - Mikael Backlund wins face-off versus Erik Condra in MapleLeafs zone.
5:34 of 3rd period - Mikael Backlund is hit by Tyler Bozak.
5:54 of 3rd period - Minor Penalty to Andy Greene for High sticking.
5:55 of 3rd period - Jordan Staal wins face-off versus Nate Thompson in Islanders zone.
6:38 of 3rd period - Shot by Nazem Kadri.
6:38 of 3rd period - Stopped by Braden Holtby with a rebound.
7:01 of 3rd period - Mikael Backlund is hit by Luca Sbisa and loses puck.
7:08 of 3rd period - Alexei Emelin is hit by Patrick Sharp and loses puck.
7:50 of 3rd period - Shot by Joonas Donskoi.
7:50 of 3rd period - Stopped by Braden Holtby without a rebound.
7:51 of 3rd period - Jordan Staal wins face-off versus Pierre-Alexandr Parenteau in Islanders zone.
7:52 of 3rd period - Shot by Karl Alzner.
7:52 of 3rd period - Shot Misses the Net.
7:54 of 3rd period - Shot by David Backes.
7:54 of 3rd period - Goal by David Backes - Islanders : 3 - MapleLeafs : 1.
7:55 of 3rd period - Riley Sheahan wins face-off versus Josh Jooris in neutral zone.
8:03 of 3rd period - Icing by Niklas Hjalmarsson.
8:04 of 3rd period - Jordan Staal wins face-off versus Josh Jooris in Islanders zone.
8:04 of 3rd period - Jordan Staal is hit by Marek Zidlicky.
8:26 of 3rd period - Shot by Milan Lucic.
8:26 of 3rd period - Deflect By Jordan Staal.
8:26 of 3rd period - Shot Blocked by Niklas Hjalmarsson.
8:28 of 3rd period - Shot by Karl Alzner.
8:28 of 3rd period - Shot Misses the Net.
10:08 of 3rd period - Jonathan Marchessault is hit by Shawn Horcoff and loses puck.
10:23 of 3rd period - Shot by Pierre-Alexandr Parenteau.
10:23 of 3rd period - Stopped by Petr Mrazek with a rebound.
10:25 of 3rd period - Shot by Pierre-Alexandr Parenteau.
10:25 of 3rd period - Stopped by Petr Mrazek without a rebound.
10:26 of 3rd period - Nazem Kadri wins face-off versus Josh Jooris in MapleLeafs zone.
11:21 of 3rd period - Riley Sheahan is hit by Nate Thompson and loses puck.
11:36 of 3rd period - Shot by Colin Wilson.
11:36 of 3rd period - Shot Misses the Net.
11:49 of 3rd period - Shot by Colin Wilson.
11:49 of 3rd period - Shot Misses the Net.
11:51 of 3rd period - Shot by Andy Greene.
11:51 of 3rd period - Stopped by Petr Mrazek without a rebound.
11:52 of 3rd period - Mikael Backlund wins face-off versus Patrick Sharp in MapleLeafs zone.
12:24 of 3rd period - Shot by Patrick Sharp.
12:24 of 3rd period - Stopped by Petr Mrazek without a rebound.
12:25 of 3rd period - Jordan Staal wins face-off versus Shawn Horcoff in MapleLeafs zone.
12:32 of 3rd period - Shot by David Backes.
12:32 of 3rd period - Shot Misses the Net.
12:34 of 3rd period - Shot by Milan Lucic.
12:34 of 3rd period - Goal by Milan Lucic - Islanders : 3 - MapleLeafs : 2.
12:35 of 3rd period - Shawn Horcoff wins face-off versus Nazem Kadri in neutral zone.
12:45 of 3rd period - Pierre-Alexandr Parenteau is hit by Alexei Emelin and loses puck.
13:00 of 3rd period - Joffrey Lupul is hit by Luca Sbisa and loses puck.
13:03 of 3rd period - Shot by Nazem Kadri.
13:03 of 3rd period - Stopped by Braden Holtby without a rebound.
13:04 of 3rd period - Jordan Staal wins face-off versus Tyler Bozak in Islanders zone.
13:11 of 3rd period - Shot by David Backes.
13:11 of 3rd period - Shot Misses the Net.
13:48 of 3rd period - Shot by David Backes.
13:48 of 3rd period - Stopped by Braden Holtby with a rebound.
14:25 of 3rd period - Icing by Mikael Backlund.
14:26 of 3rd period - Josh Jooris wins face-off versus Mikael Backlund in MapleLeafs zone.
15:31 of 3rd period - Shot by Joonas Donskoi.
15:31 of 3rd period - Stopped by Braden Holtby without a rebound.
15:32 of 3rd period - Riley Sheahan wins face-off versus Patrick Sharp in Islanders zone.
15:35 of 3rd period - Shot by Nick Leddy.
15:35 of 3rd period - Shot Misses the Net.
15:39 of 3rd period - Shot by Riley Sheahan.
15:39 of 3rd period - Shot Misses the Net.
15:41 of 3rd period - Shot by Andreas Athanasiou.
15:41 of 3rd period - Stopped by Braden Holtby without a rebound.
15:42 of 3rd period - Jordan Staal wins face-off versus Shawn Horcoff in Islanders zone.
15:51 of 3rd period - Shot by Pierre-Alexandr Parenteau.
15:51 of 3rd period - Stopped by Petr Mrazek without a rebound.
15:52 of 3rd period - Tyler Bozak wins face-off versus Joffrey Lupul in MapleLeafs zone.
15:59 of 3rd period - Shot by Erik Condra.
15:59 of 3rd period - Shot Blocked by Kris Russell.
16:15 of 3rd period - Shot by Joonas Donskoi.
16:15 of 3rd period - Deflect By Joffrey Lupul.
16:15 of 3rd period - Stopped by Braden Holtby without a rebound.
16:16 of 3rd period - Jordan Staal wins face-off versus Shawn Horcoff in Islanders zone.
16:17 of 3rd period - Shot by David Backes.
16:17 of 3rd period - Stopped by Braden Holtby without a rebound.
16:18 of 3rd period - Shawn Horcoff wins face-off versus Jordan Staal in Islanders zone.
16:30 of 3rd period - Shot by David Backes.
16:30 of 3rd period - Shot Blocked by Luca Sbisa.
16:40 of 3rd period - Shot by Milan Lucic.
16:40 of 3rd period - Shot Misses the Net.
16:49 of 3rd period - Off-side.
16:50 of 3rd period - Tyler Bozak wins face-off versus Nazem Kadri in neutral zone.
16:55 of 3rd period - Shot by Tyler Bozak.
16:55 of 3rd period - Deflect By Patrick Sharp.
16:55 of 3rd period - Shot Misses the Net.
16:57 of 3rd period - Shot by Tyler Bozak.
16:57 of 3rd period - Shot Misses the Net.
16:59 of 3rd period - Shot by Tyler Bozak.
16:59 of 3rd period - Deflect By Erik Condra.
16:59 of 3rd period - Shot Blocked by Kris Russell.
17:19 of 3rd period - Shot by Joonas Donskoi.
17:19 of 3rd period - Shot Blocked by Niklas Hjalmarsson.
17:25 of 3rd period - Alexei Emelin is hit by Erik Condra and loses puck.
17:39 of 3rd period - Icing by Alexei Emelin.
17:40 of 3rd period - Shawn Horcoff wins face-off versus Nazem Kadri in MapleLeafs zone.
18:01 of 3rd period - Shot by Milan Lucic.
18:01 of 3rd period - Shot Blocked by Shawn Horcoff.
18:03 of 3rd period - Shot by Milan Lucic.
18:03 of 3rd period - Stopped by Braden Holtby with a rebound.
18:05 of 3rd period - Shot by Milan Lucic.
18:05 of 3rd period - Shot Misses the Net.
18:07 of 3rd period - Shot by Milan Lucic.
18:07 of 3rd period - Stopped by Braden Holtby with a rebound.
18:15 of 3rd period - Shot by Milan Lucic.
18:15 of 3rd period - Shot Misses the Net.
18:21 of 3rd period - Shot by David Backes.
18:21 of 3rd period - Stopped by Braden Holtby without a rebound.
18:22 of 3rd period - Josh Jooris wins face-off versus Jonathan Marchessault in Islanders zone.
18:24 of 3rd period - Roman Polak is hit by Jonathan Marchessault and loses puck.
18:34 of 3rd period - Mikael Backlund is hit by Brandon Davidson and loses puck.
18:45 of 3rd period - Brandon Davidson is hit by Jonathan Marchessault and loses puck.
19:02 of 3rd period - MapleLeafs, Petr Mrazek is pulled from the net.
19:26 of 3rd period - Shot by Jordan Staal.
19:26 of 3rd period - Stopped by Braden Holtby with a rebound.
19:28 of 3rd period - Shot by Milan Lucic.
19:28 of 3rd period - Shot Blocked by Andy Greene.
19:41 of 3rd period - Shot by Milan Lucic.
19:41 of 3rd period - Stopped by Braden Holtby without a rebound.
19:42 of 3rd period - Jordan Staal wins face-off versus Patrick Sharp in Islanders zone.
19:43 of 3rd period - Shot by Milan Lucic.
19:43 of 3rd period - Shot Misses the Net.
Goals for this period are 1 for Islanders vs 2 for MapleLeafs.
Shots for this period are 6 for Islanders vs 18 for MapleLeafs.